 Dungeon Crawl Stone Soup version 0.30-b1-2-g02819fbbbe (webtiles) character file.

Game seed: 7328975183469999915

467677 redmage the Meteoric Blade (level 25, -40/289 HPs)
             Began as a Meteoran Ice Elementalist on Aug 17, 2023.
             Was the Champion of Cheibriados.
             Killed from afar by a Brimstone Fiend (42 damage)
             ... with damnation
             ... summoned by Cerebov
             ... in Pandemonium on Aug 28, 2023.
             The game lasted 05:29:19 (10362 turns).

redmage the Meteoric Blade (MeIE)                  Turns: 10362, Time: 05:29:19

Health: -40/289    AC: 39    Str: 26    XL:     25   Next: 30%
Magic:  23/45      EV: 35    Int: 41    God:    Cheibriados [******]
Gold:   731        SH:  0    Dex: 35    Spells: 4/58 levels left

rFire   + + .        g - +2 great sword (holy)
rCold   + . .        (shield currently unavailable)
rNeg    + + .        u - melded +0 troll leather armour
rPois   ∞            p - +2 helmet
rElec   +            C - +0 cloak
rCorr   +            P - melded +1 pair of gloves of Fallacy {Int+2}
SInv    +            Q - melded +2 pair of boots
Will    +++..        j - amulet of regeneration
Stlth   ++           S - ring "Ikyur" {+Blink rF++ rCorr Int+2 Stlth+}
HPRegen 1.48/turn    x - ring of Yzes {Contam rPois rN+ AC+4 SInv}
MPRegen 0.29/turn

%: no passive effects
@: mighty, on fire, statue-form, death channelling, resistant, fire vulnerable,
glowing, very slow
A: slow and powerful, torment resistance 1, boosted hp, sense surroundings 3,
otherworldly, glowing, explore regen, (iridescent scales 1), mutation resistance
1
}: 6/15 runes: serpentine, barnacled, slimy, silver, abyssal, glowing
a: End Transformation, Renounce Religion, Evoke Blink, Bend Time, Temporal
Distortion, Slouch, Step From Time


You were in Pandemonium.
You worshipped Cheibriados.
Cheibriados was exalted by your worship.
You were a living statue of rough stone.
You visited 8 branches of the dungeon, and saw 43 of its levels.
You visited Pandemonium 1 time, and saw 7 of its levels.
You visited the Abyss 1 time.

You collected 2232 gold pieces.
You spent 1501 gold pieces at shops.

Inventory:

Hand Weapons
 a - the +10 triple sword "Spider's Curse" {pain, +Blink rC+ Will+++ Str-5}
   (You acquired it on level 12 of the Dungeon)

   Str:       It affects your strength (-5).
   rC:        It protects you from cold.
   +Blink:    It lets you blink.
   Will:      It greatly increases your willpower.
 g - a +2 great sword of holy wrath (weapon)
Missiles
 q - 3 throwing nets (quivered)
Armour
 p - a +2 helmet (worn)
 s - a +2 buckler of positive energy
 u - a +0 troll leather armour (melded)
 C - a +0 cloak (worn)
 L - a scarf of shadows
 P - the +1 pair of gloves of Fallacy (melded) {Int+2}
   (You found it on level 2 of the Depths)

   Int:       It affects your intelligence (+2).
 Q - a +2 pair of boots (melded)
Magical Staves
 c - a staff of fire
 v - the staff of cold "Darecsed" {rC+ Str+2 Int+3 SInv}
   (You found it on level 5 of the Pits of Slime)

   [staff of cold]

   Base accuracy: +5 Base damage: 5 Base attack delay: 1.2 This weapon's minimum
   attack delay (0.6) is reached at skill level 12.
   Str:       It affects your strength (+2).
   Int:       It affects your intelligence (+3).
   rC:        It protects you from cold.
   SInv:      It lets you see invisible.
   It falls into the 'Staves' category.
   It is a one-handed weapon.
Jewellery
 j - an amulet of regeneration (around neck)
 n - a ring of wizardry
 x - the ring of Yzes (right fist) {Contam rPois rN+ AC+4 SInv}
   (You found it on level 5 of the Pits of Slime)

   [ring of protection]

   AC:        It affects your AC (+4).
   rPois:     It protects you from poison.
   rN:        It protects you from negative energy.
   SInv:      It lets you see invisible.
   Contam:    It causes magical contamination when unequipped.
 z - a ring of protection from cold
 K - a ring of willpower
 S - the ring "Ikyur" (left fist) {+Blink rF++ rCorr Int+2 Stlth+}
   (You bought it in a shop on level 2 of the Vaults)

   [ring of resist corrosion]

   Int:       It affects your intelligence (+2).
   rF:        It greatly protects you from fire.
   +Blink:    It lets you blink.
   rCorr:     It protects you from acid and corrosion.
   Stlth:     It makes you more stealthy.
 T - a ring of flight
 W - an amulet of magic regeneration
Wands
 k - a wand of roots (39)
 F - a wand of quicksilver (8)
Scrolls
 b - 3 scrolls of magic mapping
 f - 4 scrolls of teleportation
 y - 2 scrolls of amnesia
 D - 3 scrolls of fog
 G - 5 scrolls of poison
 I - 3 scrolls of enchant armour
 J - 3 scrolls of immolation
 N - a scroll of blinking
 O - 2 scrolls of torment
 V - 2 scrolls of brand weapon
 X - a scroll of silence
 Y - a scroll of summoning
 Z - a scroll of fear
Potions
 d - 10 potions of curing
 e - 6 potions of cancellation
 h - 6 potions of heal wounds
 i - 2 potions of flight
 l - 2 potions of brilliance
 m - 3 potions of attraction
 o - 7 potions of mutation
 r - 2 potions of might
 t - a potion of lignification
 w - a potion of resistance
 B - 3 potions of magic
 E - a potion of ambrosia
 U - a potion of berserk rage
Miscellaneous
 R - a tin of tremorstones (2/2)


   Skills:
 - Level 17.7 Fighting
 - Level 21.1 Long Blades
 * Level 17.2 Dodging
 - Level 1.4 Stealth
 + Level 17.1 Spellcasting
 - Level 6.0 Conjurations
 - Level 10.5 Summonings
 - Level 13.5 Necromancy
 - Level 8.0 Translocations
 - Level 10.0 Transmutations
 - Level 17.0 Fire Magic
 - Level 8.0 Ice Magic
 - Level 6.0 Air Magic
 - Level 13.3 Earth Magic
 - Level 13.0 Invocations
 * Level 3.6 Evocations


You had 4 spell levels left.
You knew the following spells:

 Your Spells              Type           Power      Damage    Failure   Level
a - Borgnjor's Vile Clut  Necr/Erth      49%        N/A       1%          5
b - Manifold Assault      Tloc           79%        N/A       1%          4
c - Ozocubu's Armour      Ice            79%        N/A       1%          3
d - Summon Cactus Giant   Summ           44%        N/A       1%          6
e - Freezing Cloud        Conj/Ice/Air   37%        6-21      1%          5
f - Death Channel         Necr           49%        N/A       1%          6
g - Animate Dead          Necr           98%        N/A       1%          4
h - Blink                 Tloc           100%       N/A       1%          2
i - Ignition              Fire           54%        3d15      4%          8
q - Apportation           Tloc           100%       N/A       1%          1
w - Statue Form           Tmut/Erth      61%        N/A       1%          6
z - Passage of Golubria   Tloc           79%        N/A       1%          4

Your spell library contained the following spells:

 Spells                   Type           Power      Damage    Failure   Level
 Beastly Appendage        Tmut           100%       N/A       0%          1
 Necrotise                Necr           100%       1d9       0%          1
 Summon Small Mammal      Summ           100%       N/A       0%          1
 Scorch                   Fire           100%       2d9       0%          2
 Volatile Blastmotes      Fire/Tloc      100%       2d18      0%          3
 Freeze                   Ice            100%       1d10      1%          1
 Ensorcelled Hibernation  Hex/Ice        100%       N/A       1%          2
 Lesser Beckoning         Tloc           100%       N/A       1%          2
 Momentum Strike          Conj/Tloc      100%       3d10      1%          2
 Poisonous Vapours        Pois/Air       100%       N/A       1%          2
 Wereblood                Tmut           87%        N/A       1%          2
 Dazzling Flash           Conj/Hex       100%       N/A       1%          3
 Frozen Ramparts          Ice            100%       1d16      1%          3
 Gell's Gravitas          Tloc           79%        N/A       1%          3
 Hailstorm                Conj/Ice       75%        3d15      1%          3
 Ignite Poison            Fire/Tmut/Pois 83%        N/A       1%          3
 Mephitic Cloud           Conj/Pois/Air  61%        N/A       1%          3
 Spider Form              Tmut/Pois      66%        N/A       1%          3
 Summon Guardian Golem    Hex/Summ       68%        N/A       1%          3
 Anguish                  Hex/Necr       37%        N/A       1%          4
 Flame Wave               Conj/Fire      92%        2d19      1%          4
 Ice Form                 Ice/Tmut       83%        N/A       1%          4
 Iskenderun's Mystic Bla  Conj/Tloc      75%        2d15      1%          4
 Sticky Flame             Conj/Fire      92%        2d10      1%          4
 Summon Ice Beast         Ice/Summ       84%        N/A       1%          4
 Tukima's Dance           Hex            35%        N/A       2%          3
 Fulminant Prism          Conj/Hex       28%        3d14      2%          4
 Olgreb's Toxic Radiance  Pois           35%        N/A       8%          4
 Agony                    Necr           98%        N/A       1%          5
 Blade Hands              Tmut           43%        N/A       1%          5
 Irradiate                Conj/Tmut      39%        3d24      1%          5
 Iskenderun's Battlesphe  Conj           71%        2d12      1%          5
 Lee's Rapid Deconstruct  Erth           49%        3d23*     1%          5
 Summon Forest            Summ/Tloc      42%        N/A       1%          5
 Simulacrum               Ice/Necr       44%        N/A       1%          6
 Yara's Violent Unravell  Hex/Tmut       33%        3d14      2%          5
 Iron Shot                Conj/Erth      42%        9d8       2%          6
 Metabolic Englaciation   Hex/Ice        30%        N/A       4%          5
 Silence                  Hex/Air        28%        N/A       6%          5
 Monstrous Menagerie      Summ           44%        N/A       9%          7
 Summon Hydra             Summ           44%        N/A       9%          7
 Conjure Ball Lightning   Conj/Air       35%        3x3d11    11%         6
 Dragon Form              Tmut           43%        N/A       11%         7
 Eringya's Noxious Bog    Tmut/Pois      33%        N/A       16%         6
 Spellforged Servitor     Conj/Summ      40%        N/A       22%         7
 Storm Form               Tmut/Air       39%        N/A       26%         7
 Orb of Destruction       Conj           35%        9d10      50%         7
 Disjunction              Tloc           39%        N/A       89%         8
 Shatter                  Erth           49%        3d37*     97%         9
 Enfeeble                 Hex            17%        N/A       100%        7
 Discord                  Hex            17%        N/A       100%        8
 Chain Lightning          Conj/Air       35%        3d47      100%        9
 Fire Storm               Conj/Fire      46%        8d12      100%        9


Dungeon Overview and Level Annotations

Branches:
Dungeon (15/15) Zot: 9342  Temple (1/1) D:4 Zot: 812    Lair (5/5) D:10 Zot: 1597
 Shoals (4/4) Lair:3 Zot: 1792   Snake (4/4) Lair:3 Zot: 140   Slime (5/5) Lair:4 Zot: 3927
 Vaults (5/5) D:13 Zot: 2515   Crypt (0/3) Vaults:2     Depths (4/4) D:15 Zot: 2312
    Orc: D:9-12         Zot: Depths:4

Altars:
Ashenzari
Cheibriados
Gozag
Hepliaklqana
Makhleb
Qazlal
Ru
Uskayaw
Vehumet
Wu Jian
Xom
Zin
The Shining One
Lugonu

Shops:
D:1 =   D:8 (   Snake:2 [(::   Snake:3 :==   Vaults:2 ==   Depths:2 *

Portals:
Hell: Lair:5 Depths:3 Depths:4
Abyss: Shoals:4 Depths:2 Depths:3
Pandemonium: Depths:2
Ziggurat: Depths:3

Annotations:
D:8 3 runed translucent doors
D:11 exclusions: upstairs and 1 more exclusion
D:13 exclusion: upstairs
Lair:2 exclusion: downstairs
Lair:4 exclusion: upstairs
Shoals:4 1 runed translucent door
Pan Cerebov


Innate Abilities, Weirdness & Mutations

You are a living statue of rough stone.
Your actions are slow, but your melee attacks are powerful.
You are resistant to unholy torment.
Your maximum health is greatly increased.
You are immune to poison.
Your equipment is partially melded.
You passively map a large area around you.
You are easily found by Zot.
You glow in the dark.
You regain HP and MP as you explore.
((You are partially covered in iridescent scales. (AC +2)))
You are somewhat resistant to further mutation.


Message History

Unknown command.
You hit Cerebov but do no damage.
Cerebov is severely wounded.
You are covered in liquid flames!
The zombie hands constrict Cerebov.
Cerebov gestures.
The fire vortex is engulfed in freezing vapours.
Your demonspawn blood saint zombie hits Cerebov.
The balrug completely misses you. The hellion closely misses you.
The Brimstone Fiend calls on the powers of darkness!
Your body is wracked with pain!
* * * LOW HITPOINT WARNING * * *
Unknown command.
You hit Cerebov but do no damage.
Cerebov is severely wounded.
You are covered in liquid flames!
* * * LOW HITPOINT WARNING * * *
The zombie hands constrict Cerebov!
The hellion disappears in a puff of smoke!
The balrug disappears in a puff of smoke!
The Brimstone Fiend disappears in a puff of smoke!
Cerebov hits you with the +6 sword of Cerebov {flame}!
* * * LOW HITPOINT WARNING * * *
Cerebov burns you.
* * * LOW HITPOINT WARNING * * *
Cerebov hits you with the +6 sword of Cerebov {flame}!!
* * * LOW HITPOINT WARNING * * *
Cerebov burns you.
* * * LOW HITPOINT WARNING * * *
The hellion gestures at you.
The sphere of damnation explodes!
The damnation engulfs you!!!
* * * LOW HITPOINT WARNING * * *
The damnation engulfs Cerebov.
Cerebov completely resists.
The damnation engulfs the Brimstone Fiend.
The Brimstone Fiend completely resists.
The hellion hits your demonspawn blood saint zombie.
Your demonspawn blood saint zombie is destroyed!
The Brimstone Fiend gestures at you.
The sphere of damnation explodes!
The damnation engulfs you!!!
You die...

###* * * ** , , , * ..,
, , , ,, , * , * .# * *
* * ,+ ***
'################### ,,
,* .....#...v°.........
,,*
.#.#.#..#####§..☼.#####
, * .....#..#.
#21'##...#*, ,
...#.#..#....#.&.#....#
, *
....Z#..#....v.§8§....#
* *
...#.#..#...§.2§.1....#
,
.....'..#......v......#*
,
..^#.####+##.v.....##'#*
, .....# ,* ,#.#...#.# #
, ...#.#, #.#...#.# *, ,
, .....# * ,# ......# **
, * .#.#.# ** ##+#+###
*** * , * .....# ,, , ,,
* *


You could see Cerebov (fast, unaware, clutched), 2 Brimstone Fiends, 2 hellions
and 3 fire vortices.

Vanquished Creatures
  A pandemonium lord (Pan)
  the Royal Jelly (Slime:5)
  A dread lich (Vaults:5)
  A juggernaut (Depths:3)
  Margery (Vaults:5)
  A golden dragon (Depths:3)
  Jory (Vaults:5)
  A Brimstone Fiend (Pan)
  2 Tzitzimimeh (Pan)
  3 tentacled monstrosities (Depths:2)
  A walking crystal tome (Depths:3)
  An Ice Fiend (Pan)
  3 Hell Sentinels (Pan)
  2 liches (Depths:3)
  A shard shrike skeleton (Abyss:2)
  A walking earthen tome (Depths:3)
  7 acid blobs (Slime:5)
  5 sphinxes
  A kraken (Shoals:4)
  A quicksilver dragon (Depths:3)
  2 Executioners (Pan)
  A titan (Vaults:5)
  The ghost of Ubraesch the Brawler, an adept TrMo of Nemelex Xobeh (Depths:2)
  5 tentacled starspawn
  3 tengu reavers
  2 shadow dragons
  A nagaraja (Snake:4)
  4 azure jellies
  3 frost giants (Vaults:5)
  3 demonspawn warmongers (Pan)
  7 fire giants
  5 rockslimes
  3 vault wardens
  An iron dragon (Vaults:5)
  10 balrugs (Pan)
  2 ghost moths (Abyss:3)
  11 cacodemons (Pan)
  3 demonspawn blood saints (Pan)
  4 spriggan defenders
  A draconian stormcaller (Depths:4)
  An orc warlord (Vaults:2)
  4 ironbound preservers
  9 quicksilver oozes
  A reaper (Abyss:2)
  3 demonspawn corrupters (Pan)
  3 stone giants
  3 ironbound thunderhulks
  14 very ugly things
  A black draconian (Abyss:2)
  A demonspawn black sun (Pan)
  A deep elf annihilator (Vaults:4)
  A dire elephant (Lair:5)
  2 spark wasps (Depths:4)
  A merfolk javelineer (Shoals:4)
  4 ettins
  An entropy weaver (Vaults:1)
  4 blizzard demons (Pan)
  2 green deaths (Pan)
  4 yaktaur captains
  4 great orbs of eyes
  2 merfolk impalers (Shoals:4)
  2 deep elf death magi (Vaults:5)
  2 deep elf high priests (Vaults:5)
  32 vault guards
  2 ice dragons
  An alligator snapping turtle (Shoals:4)
  2 salamander tyrants (Snake:4)
  6 anacondas
  2 hell beasts (Pan)
  2 hydras
  An ogre mage (Vaults:5)
  An ironbound frostheart (Vaults:1)
  2 satyrs
  4 boulder beetles
  2 merfolk avatars (Shoals:4)
  A catoblepas (Shoals:2)
  A death knight (D:14)
  7 naga warriors
  9 centaur warriors
  A merfolk aquamancer (Shoals:4)
  7 death yaks
  2 tengu warriors
  3 deep troll earth magi
  4 deep troll shamans (Depths:3)
  2 spriggan berserkers
  8 naga sharpshooters
  4 thrashing horrors
  A spriggan (Depths:4)
  Nergalle (Lair:1)
  2 iron trolls (Depths:2)
  2 skeletal warriors (Vaults:2)
  8 soul eaters (Pan)
  A fire crab (D:15)
  11 sun demons
  3 shock serpents
  A shadow wraith (Vaults:5)
  6 wretched stars
  6 sixfirhies
  4 salamander mystics
  A skyshark (Shoals:1)
  3 glowing orange brains
  2 death drakes (shapeshifter)
  23 deep trolls
  A sea snake (Shoals:1)
  3 naga ritualists
  3 orc knights (Vaults:2)
  2 lindwurms (Snake:4)
  3 phantasmal warriors
  6 wizards
  6 ironbound convokers
  Pikel (D:5)
  2 harpies (Shoals:4)
  4 necromancers
  9 mana vipers
  A worldbinder (Abyss:3)
  2 shining eyes
  3 fauns (Shoals:4)
  23 ugly things
  A cyclops (shapeshifter) (Depths:3)
  2 cyclopes
  3 manticores
  7 salamanders
  3 merfolk sirens (Shoals:4)
  An elf zombie (Vaults:3)
  3 guardian serpents
  5 smoke demons
  A demonspawn zombie (Pan)
  2 apocalypse crabs
  3 elephants (Lair:5)
  11 black mambas
  A frost giant skeleton (Vaults:3)
  6 naga magi
  A human skeleton (Vaults:2)
  8 orange demons
  2 vault sentinels
  An eye of devastation (Slime:5)
  5 hellions (Pan)
  A water nymph (Shoals:3)
  7 cane toads
  2 kobold demonologists
  3 rime drakes
  4 yaktaurs
  4 efreet
  4 ice devils
  2 tormentors (Pan)
  2 tengu conjurers (Depths:4)
  2 komodo dragons (Lair:5)
  3 ancient zymes
  3 trolls
  2 red devils
  A polar bear (shapeshifter) (Depths:2)
  5 merfolk (Shoals:4)
  A wind drake (Shoals:2)
  A polar bear (Vaults:4)
  2 hellwings
  A hornet (Depths:4)
  14 large abominations
  A raiju (Abyss:2)
  An ice dragon zombie (Depths:4)
  8 blink frogs
  4 snapping turtles (Shoals:4)
  A culicivora (shapeshifter) (Depths:2)
  An ettin zombie (Vaults:3)
  18 slime creatures
  A shadow (D:10)
  An ettin skeleton (Vaults:3)
  A spriggan (shapeshifter) (Depths:2)
  A yak (shapeshifter) (Depths:2)
  5 water elementals
  4 ynoxinuls
  32 yaks
  3 wyverns
  A basilisk (Lair:4)
  6 neqoxecs (Pan)
  A redback (Vaults:1)
  A steam dragon (D:7)
  22 nagas
  An acid dragon (shapeshifter) (Depths:2)
  4 hell hounds (Lair:5)
  6 water moccasins
  2 small abominations (Abyss:3)
  A sky beast (D:7)
  3 orc warriors
  5 centaurs
  11 wolves
  3 kobold brigands
  5 bullfrogs
  2 gnoll sergeants
  A scorpion (D:4)
  7 wights
  A hornet simulacrum (D:15)
  10 killer bees
  A howler monkey (D:6)
  4 crimson imps (Pan)
  3 hounds
  A quasit (D:9)
  5 orc priests
  A gnoll bouda (D:4)
  24 starcursed masses
  2 sleepcaps
  4 iguanas
  9 orc wizards
  5 hell rats (Lair:5)
  12 gnolls
  4 adders
  A white imp (D:7)
  21 orcs
  4 endoplasms
  4 goblins
  3 hobgoblins
  5 ball pythons
  2 bats
  19 kobolds
  2 rats (D:1)
  A fire vortex (Pan)
  A lurking horror (Abyss:3)
  3 starspawn tentacles
  A tentacle (Shoals:4)
875 creatures vanquished.

Vanquished Creatures (collateral kills)
  Mnoleg (Pan)
  4 tentacled monstrosities
  A walking divine tome (Depths:3)
  16 acid blobs
  A sphinx (Depths:3)
  Polyphemus (Shoals:2)
  Gastronok (Lair:1)
  A tengu reaver (Vaults:5)
  A tentacled starspawn (Abyss:2)
  A shadow dragon (Depths:3)
  A storm dragon (Vaults:5)
  2 frost giants (Depths:3)
  A rockslime (Slime:5)
  7 azure jellies
  A nagaraja (Snake:2)
  2 fire giants (Depths:3)
  An iron dragon (Depths:3)
  3 quicksilver oozes
  A demonspawn blood saint (Pan)
  11 very ugly things
  2 reapers (Pan)
  2 stone giants (Depths:3)
  2 ironbound preservers
  8 cacodemons
  2 demonspawn black suns (Pan)
  A green draconian (Depths:4)
  A black draconian (Depths:4)
  A spark wasp (Depths:4)
  3 ettins
  A blizzard demon (Abyss:3)
  2 merfolk impalers (Shoals:4)
  A vault guard (D:13)
  2 fire dragons (Depths:3)
  2 great orbs of eyes
  A hydra (Lair:2)
  2 anacondas
  A spriggan air mage (Depths:3)
  2 ice dragons (Depths:3)
  Erica (D:8)
  A merfolk aquamancer (Shoals:4)
  3 centaur warriors
  2 deep troll shamans (Depths:2)
  3 naga warriors
  A boulder beetle (Lair:5)
  A tengu warrior (D:15)
  5 death yaks
  A deep troll earth mage (Depths:2)
  3 shock serpents
  6 naga sharpshooters
  2 hell knights
  4 sun demons (Pan)
  2 soul eaters (Pan)
  2 wretched stars (Abyss:3)
  7 large abominations
  2 sea snakes (Shoals:4)
  2 glowing orange brains
  3 naga ritualists (Snake:4)
  An ironbound convoker (Vaults:2)
  7 deep trolls
  A wizard (Vaults:3)
  A necromancer (Vaults:5)
  7 mana vipers
  7 harpies
  8 ugly things
  2 cyclopes
  5 salamanders
  3 manticores (Shoals:4)
  2 shining eyes
  4 elephants (Lair:5)
  2 merfolk sirens (Shoals:4)
  4 guardian serpents
  An elephant (shapeshifter) (Depths:2)
  An eye of devastation (Slime:3)
  2 water nymphs (Shoals:4)
  A smoke demon (Pan)
  13 black mambas
  2 cane toads
  A vault sentinel (Vaults:2)
  3 naga magi
  A hellion (Pan)
  3 rime drakes (Lair:5)
  An efreet (Pan)
  2 komodo dragons
  3 orange demons
  A tormentor (Pan)
  2 yaktaurs (Vaults:4)
  A tengu conjurer (Depths:3)
  An ancient zyme (Abyss:2)
  4 merfolk (Shoals:4)
  A troll (shapeshifter) (Depths:2)
  3 wind drakes (Shoals:4)
  4 blink frogs
  28 slime creatures
  A dream sheep (shapeshifter) (Vaults:5)
  4 wyverns
  4 water elementals
  A vampire (D:12)
  3 ynoxinuls
  12 yaks
  An elf zombie (Vaults:3)
  A basilisk (Lair:3)
  A fire bat (Abyss:3)
  5 chaos spawn
  5 neqoxecs
  A warg (shapeshifter) (Depths:2)
  13 nagas
  2 small abominations (Abyss:3)
  3 water moccasins (Lair:5)
  3 wolves
  2 centaurs (D:14)
  2 bullfrogs (Lair:2)
  A bullfrog (shapeshifter) (Depths:2)
  A scorpion (shapeshifter) (Depths:2)
  2 wights
  2 crimson imps (Pan)
  A hound (D:7)
  An iron imp (Abyss:3)
  2 orc priests
  3 orc wizards
  2 hell rats (Lair:5)
  A white imp (D:7)
  An ufetubus (Abyss:3)
  A worm (shapeshifter) (Depths:2)
  3 orcs
  A kobold (D:9)
  A bush (Lair:2)
  A fire vortex (Pan)
  4 fungi
  2 plants
  A starspawn tentacle (Abyss:3)
373 creatures vanquished.

Vanquished Creatures (others)
  A fire giant (Depths:3)
  An ettin (Depths:3)
  A quicksilver dragon zombie (Depths:3)
  8 acid blob zombies (Slime:5)
  15 very ugly thing zombies
  A rakshasa (Pan)
  A spriggan air mage (Depths:3)
  An azure jelly zombie (Slime:5)
  A death yak (Shoals:2)
  A quicksilver ooze zombie (Slime:5)
  A soul eater (Pan)
  A sixfirhy (Pan)
  2 shadow dragon zombies
  2 sphinx zombies
  8 ugly thing zombies
  2 stone giant zombies
  2 frost giant zombies
  4 fire giant zombies
  2 centaur zombies (D:14)
  A naga mage (Snake:4)
  6 demonspawn zombies (Pan)
  An elf zombie (Vaults:5)
  A green draconian zombie (Depths:4)
  A tormentor (Pan)
  27 human zombies
  A great orb of eyes zombie (Vaults:3)
  2 ettin zombies
  A spriggan zombie (Depths:3)
  A guardian serpent zombie (Abyss:3)
  A fire dragon zombie (Depths:3)
  13 slime creature zombies
  A naga (Snake:4)
  An ogre zombie (Vaults:5)
  A fire bat zombie (Abyss:3)
  9 deep troll zombies
  3 tengu zombies
  4 yaktaur zombies
  A cyclops zombie (Depths:3)
  An orc wizard (D:9)
  A fire vortex (Pan)
  11 fungi
  33 plants
  12 starspawn tentacles
  7 tentacles (Shoals:4)
196 creatures vanquished.

Grand Total: 1444 creatures vanquished

Notes
Turn   | Place    | Note
-------+----------+-------------------------------------------
     0 | D:1      | redmage the Meteoran Ice Elementalist began the quest for
                  | the Orb.
     0 | D:1      | Reached XP level 1. HP: 14/14 MP: 5/5
    57 | D:1      | Reached XP level 2. HP: 15/20 MP: 1/7
   136 | D:1      | Found Etocs's Jewellery Shoppe.
   185 | D:2      | Reached XP level 3. HP: 26/26 MP: 6/8
   189 | D:2      | Learned a level 3 spell: Frozen Ramparts
   194 | D:2      | Learned a level 3 spell: Ozocubu's Armour
   253 | D:4      | Noticed a scorpion
   262 | D:4      | Reached skill level 5 in Ice Magic
   267 | D:4      | Reached XP level 4. HP: 15/33 MP: 4/11
   267 | D:4      | Reached XP level 5. HP: 17/38 MP: 4/12
   275 | D:4      | Reached skill level 5 in Spellcasting
   275 | D:4      | Reached XP level 6. HP: 12/45 MP: 1/14
   280 | D:4      | Found a staircase to the Ecumenical Temple.
   287 | Temple   | Entered the Ecumenical Temple
   315 | Temple   | Became a worshipper of Cheibriados the Contemplative
   466 | D:4      | Reached XP level 7. HP: 46/50 MP: 7/16
   514 | D:5      | Entered Level 5 of the Dungeon
   521 | D:5      | Noticed Pikel
   530 | D:5      | Killed Pikel
   531 | D:5      | Reached XP level 8. HP: 46/57 MP: 8/20
   540 | D:5      | Learned a level 4 spell: Summon Ice Beast
   616 | D:6      | Reached skill level 1 in Summonings
   616 | D:6      | Reached skill level 1 in Invocations
   616 | D:6      | Reached * piety under Cheibriados
   947 | D:7      | Noticed a steam dragon
   956 | D:7      | Gained mutation: You passively map the area around you.
                  | [Meteoran growth]
   956 | D:7      | Reached XP level 9. HP: 47/62 MP: 17/22
   962 | D:7      | Reached skill level 5 in Summonings
  1004 | D:7      | Reached ** piety under Cheibriados
  1005 | D:7      | Reached skill level 5 in Invocations
  1221 | D:7      | Reached skill level 1 in Fighting
  1342 | D:8      | Reached XP level 10. HP: 38/74 MP: 12/23
  1427 | D:8      | Reached *** piety under Cheibriados
  1468 | D:8      | Found Qinen Voox's Weapon Boutique.
  1481 | D:8      | Noticed Erica
  1487 | D:8      | Killed Erica
  1488 | D:8      | Reached skill level 5 in Dodging
  1517 | D:9      | Noticed an ice devil
  1517 | D:9      | Noticed a two-headed ogre
  1525 | D:8      | Reached skill level 1 in Long Blades
  1541 | D:8      | Found a runed translucent gate.
  1541 | D:8      | Found a runed translucent gate.
  1543 | D:8      | Found a runed translucent gate.
  1543 | D:8      | Noticed a brown ugly thing
  1543 | D:8      | Noticed a red ugly thing
  1543 | D:8      | Noticed a cyan ugly thing
  1543 | D:8      | Noticed a glowing orange brain
  1544 | D:8      | Noticed a white ugly thing
  1591 | D:9      | Noticed a smoke demon
  1607 | D:9      | Killed a smoke demon
  1608 | D:9      | Reached skill level 5 in Fighting
  1608 | D:9      | Reached skill level 2 in Long Blades
  1628 | D:9      | Identified the +1 robe "Viod" {Str+2}
  1634 | D:9      | Reached skill level 3 in Long Blades
  1642 | D:9      | Learned a level 5 spell: Freezing Cloud
  1685 | D:9      | Reached skill level 1 in Conjurations
  1685 | D:9      | Reached skill level 1 in Air Magic
  1706 | D:8      | Reached skill level 4 in Long Blades
  1776 | D:9      | Reached **** piety under Cheibriados
  1789 | D:9      | Killed an ice devil
  1790 | D:9      | Reached XP level 11. HP: 69/86 MP: 15/24
  1810 | D:9      | Reached skill level 5 in Long Blades
  1841 | D:9      | Learned a level 6 spell: Simulacrum
  1851 | D:10     | Entered Level 10 of the Dungeon
  1855 | D:10     | Reached skill level 1 in Necromancy
  2075 | D:10     | Identified the +1 chain mail of Gasar {+Inv}
  2170 | D:10     | Found a staircase to the Lair.
  2179 | D:10     | Reached ***** piety under Cheibriados
  2188 | D:10     | Reached skill level 5 in Necromancy
  2190 | Lair:1   | Entered Level 1 of the Lair of Beasts
  2214 | Lair:1   | Noticed Gastronok
  2253 | Lair:1   | Killed Gastronok
  2254 | Lair:1   | Reached skill level 5 in Conjurations
  2254 | Lair:1   | Reached skill level 5 in Air Magic
  2323 | Lair:1   | Noticed Nergalle
  2333 | Lair:1   | Killed Nergalle
  2429 | Lair:1   | Noticed a boulder beetle
  2439 | Lair:1   | Reached XP level 12. HP: 57/94 MP: 15/25
  2461 | Lair:1   | Killed a boulder beetle
  2554 | Lair:2   | Reached skill level 10 in Necromancy
  2569 | Lair:2   | Noticed a death yak
  2572 | Lair:2   | Noticed a death yak
  2578 | Lair:2   | Noticed a death yak
  2580 | Lair:2   | Noticed a death yak
  2583 | Lair:2   | Killed a death yak
  2584 | Lair:2   | Noticed a death yak
  2585 | Lair:2   | Killed a death yak
  2587 | Lair:2   | Killed a death yak
  2588 | Lair:2   | Killed a death yak
  2593 | Lair:2   | Killed a death yak
  2594 | Lair:2   | Reached XP level 13. HP: 43/100 MP: 1/26
  2703 | Lair:3   | Found a staircase to the Snake Pit.
  2787 | Lair:1   | Reached ****** piety under Cheibriados
  2862 | Lair:2   | Noticed a six-headed hydra
  2866 | Lair:2   | Killed a five-headed hydra
  2988 | Lair:3   | Found a staircase to the Shoals.
  2989 | Lair:3   | Reached skill level 6 in Long Blades
  3023 | Lair:3   | Noticed a boulder beetle
  3030 | Lair:3   | Killed a boulder beetle
  3031 | Lair:3   | Reached skill level 10 in Invocations
  3106 | Lair:4   | Found a staircase to the Slime Pits.
  3120 | Lair:5   | Entered Level 5 of the Lair of Beasts
  3136 | Lair:5   | Noticed a seven-headed hydra
  3137 | Lair:5   | Reached skill level 7 in Long Blades
  3143 | Lair:5   | Noticed a death yak
  3180 | Lair:5   | Reached XP level 14. HP: 80/113 MP: 5/27
  3226 | Lair:5   | Reached skill level 8 in Long Blades
  3317 | Lair:5   | Noticed a dire elephant
  3323 | Lair:5   | Killed a dire elephant
  3376 | Lair:5   | Found a burning altar of Makhleb.
  3416 | Lair:5   | Reached skill level 9 in Long Blades
  3458 | Lair:5   | Found a gateway to Hell.
  3465 | Lair:5   | Identified the +7 shortbow of the Turnip {heavy, Fragile
                  | rElec Dex+4}
  3510 | Lair:5   | Reached skill level 10 in Dodging
  3663 | Snake:1  | Entered Level 1 of the Snake Pit
  3667 | Snake:1  | Learned a level 2 spell: Blink
  3768 | Snake:1  | Reached skill level 1 in Fire Magic
  3844 | Snake:2  | Found Puhilos's Book Shoppe.
  3854 | Snake:2  | Bought the Tractate on Hexing Changes for 384 gold pieces
  3860 | Snake:2  | Reached XP level 15. HP: 124/124 MP: 18/28
  3867 | Snake:2  | Learned a level 6 spell: Statue Form
  3898 | Snake:2  | Found Duel's Book Emporium.
  3904 | Snake:2  | Found Hol Xaph's Weapon Emporium.
  3909 | Snake:2  | Reached skill level 1 in Transmutations
  3909 | Snake:2  | Reached skill level 1 in Earth Magic
  4159 | Snake:2  | Noticed a nagaraja
  4162 | Snake:2  | Reached skill level 5 in Earth Magic
  4168 | Snake:2  | Killed a nagaraja
  4169 | Snake:2  | Reached skill level 5 in Transmutations
  4363 | Snake:2  | Found Ikyth's Armour Shoppe.
  4588 | Snake:3  | Reached XP level 16. HP: 132/132 MP: 24/29
  4639 | Snake:3  | Found Piepiur's Jewellery Boutique.
  4640 | Snake:3  | Found Umusuuxt's Book Emporium.
  4641 | Snake:3  | Found Qaid's Jewellery Boutique.
  4673 | Snake:4  | Entered Level 4 of the Snake Pit
  4683 | Snake:4  | Reached skill level 10 in Long Blades
  4721 | Snake:4  | Reached skill level 10 in Transmutations
  4721 | Snake:4  | Reached skill level 10 in Earth Magic
  4975 | Snake:4  | Reached skill level 11 in Long Blades
  4999 | Snake:4  | Reached skill level 10 in Spellcasting
  5044 | Snake:4  | Learned a level 6 spell: Summon Cactus Giant
  5079 | Snake:4  | Noticed a nagaraja
  5092 | Snake:4  | Killed a nagaraja
  5135 | Snake:4  | Reached XP level 17. HP: 138/138 MP: 23/32
  5163 | Snake:4  | Reached skill level 10 in Summonings
  5183 | Snake:4  | Got a serpentine rune of Zot
  5328 | Snake:2  | Bought a book of Unlife for 432 gold pieces
  5409 | Lair:3   | Learned a level 5 spell: Borgnjor's Vile Clutch
  5417 | Shoals:1 | Entered Level 1 of the Shoals
  5554 | Shoals:2 | Noticed Polyphemus
  5560 | Shoals:2 | Killed Polyphemus
  5607 | Shoals:4 | Entered Level 4 of the Shoals
  5737 | Shoals:4 | Learned a level 1 spell: Apportation
  5795 | Shoals:4 | Identified the ring of Viuz {*Corrode Fly rPois rC+}
  5895 | Shoals:4 | Learned a level 6 spell: Death Channel
  5950 | Shoals:4 | Found a runed translucent door.
  5954 | Shoals:4 | Found a corrupted altar of Lugonu.
  5954 | Shoals:4 | Found a one-way gate to the infinite horrors of the Abyss.
  6026 | Shoals:4 | Noticed a kraken
  6039 | Shoals:4 | Gained mutation: You passively map a large area around you.
                  | [Meteoran growth]
  6039 | Shoals:4 | Reached XP level 18. HP: 117/147 MP: 29/37
  6051 | Shoals:4 | Killed a kraken
  6052 | Shoals:4 | Reached skill level 10 in Fighting
  6057 | Shoals:4 | Got a barnacled rune of Zot
  6310 | D:11     | Learned a level 4 spell: Animate Dead
  6393 | D:12     | Reached skill level 12 in Long Blades
  6397 | D:12     | Identified a scroll of acquirement
  6398 | D:12     | Acquired the +10 triple sword "Spider's Curse" {pain,
                  | +Blink rC+ Will+++ Str-5}
  6496 | D:13     | Found a gate to the Vaults.
  6521 | Vaults:1 | Entered Level 1 of the Vaults
  6738 | Vaults:2 | Learned a level 4 spell: Passage of Golubria
  6781 | Vaults:2 | Found Ihefey's Jewellery Shoppe.
  6798 | Vaults:2 | Found Asailogg's Jewellery Boutique.
  6930 | Vaults:4 | Reached skill level 15 in Spellcasting
  6930 | Vaults:4 | Reached skill level 1 in Translocations
  7043 | Vaults:4 | Reached skill level 13 in Long Blades
  7043 | Vaults:4 | Reached XP level 19. HP: 154/160 MP: 27/39
  7065 | Vaults:4 | Reached skill level 5 in Translocations
  7145 | Vaults:5 | Entered Level 5 of the Vaults
  7149 | Vaults:5 | Reached skill level 14 in Long Blades
  7195 | Vaults:5 | Got a silver rune of Zot
  7205 | Vaults:5 | Noticed a dread lich
  7213 | Vaults:5 | Killed a dread lich
  7214 | Vaults:5 | Reached skill level 15 in Fighting
  7217 | Vaults:5 | Reached skill level 15 in Long Blades
  7221 | Vaults:5 | Reached XP level 20. HP: 89/178 MP: 12/40
  7236 | Vaults:5 | Noticed Margery
  7240 | Vaults:5 | Killed Margery
  7256 | Vaults:5 | Reached skill level 16 in Long Blades
  7291 | Vaults:5 | Noticed Jory
  7300 | Vaults:5 | Killed Jory
  7321 | Vaults:5 | Reached skill level 17 in Long Blades
  7329 | Vaults:5 | Identified the +1 leather armour "Inofount" {Str+3}
  7479 | Vaults:2 | Bought the ring "Ikyur" {+Blink rF++ rCorr Int+2 Stlth+}
                  | for 643 gold pieces
  7706 | Slime:1  | Entered Level 1 of the Pits of Slime
  7743 | Slime:2  | Gained mutation: You are frail. (-10% HP) [a shining eye]
  7782 | Slime:3  | Reached skill level 18 in Long Blades
  7810 | Slime:5  | Entered Level 5 of the Pits of Slime
  7819 | Slime:5  | Reached XP level 21. HP: 165/165 MP: 38/41
  7838 | Slime:5  | Noticed the Royal Jelly
  7856 | Slime:5  | Reached skill level 5 in Fire Magic
  7881 | Slime:5  | Killed the Royal Jelly
  7939 | Slime:5  | Identified the staff of poison "Jill" {rPois rC++ Will-
                  | Str+3 Stlth-}
  7940 | Slime:5  | Identified the +0 robe of Veudet {Harm rElec Will+}
  7941 | Slime:5  | Identified the staff of cold "Darecsed" {rC+ Str+2 Int+3
                  | SInv}
  7943 | Slime:5  | Identified the +0 robe of the Shoals {Rampage Drain +Blink
                  | rF+}
  7944 | Slime:5  | Identified the +7 war axe "Hoocsa Beor" {protect, Contam
                  | rC+ rCorr}
  7945 | Slime:5  | Got the Anthology of Translocation
  7945 | Slime:5  | Got Yraumn's Information on Summoned Transmutation
  7945 | Slime:5  | Got a slimy rune of Zot
  7951 | Slime:5  | Learned a level 4 spell: Manifold Assault
  7977 | Slime:5  | Identified the ring of Yzes {Contam rPois rN+ AC+4 SInv}
  8284 | D:15     | Entered Level 15 of the Dungeon
  8353 | D:15     | Found a staircase to the Depths.
  8366 | Depths:1 | Entered Level 1 of the Depths
  8419 | Depths:2 | Noticed a tentacled monstrosity
  8419 | Depths:2 | Found a runed translucent gate.
  8419 | Depths:2 | Found a runed translucent gate.
  8419 | Depths:2 | Found a runed translucent gate.
  8420 | Depths:2 | Noticed a tentacled monstrosity
  8420 | Depths:2 | Noticed a tentacled monstrosity
  8421 | Depths:2 | Noticed a tentacled monstrosity
  8433 | Depths:2 | Killed a tentacled monstrosity
  8439 | Depths:2 | Killed a tentacled monstrosity
  8440 | Depths:2 | Killed a tentacled monstrosity
  8442 | Depths:2 | Killed a tentacled monstrosity
  8459 | Depths:2 | Found a runed translucent gate.
  8459 | Depths:2 | Found a runed translucent gate.
  8461 | Depths:2 | Noticed Ubraesch's ghost (adept TrMo)
  8464 | Depths:2 | Found a runed translucent gate.
  8480 | Depths:2 | Reached skill level 10 in Fire Magic
  8480 | Depths:2 | Reached XP level 22. HP: 172/172 MP: 3/43
  8484 | Depths:2 | Killed Ubraesch's ghost
  8490 | Depths:2 | Identified the +1 pair of gloves of Fallacy {Int+2}
  8562 | Depths:2 | Found Veessebb's General Store.
  8573 | Depths:2 | Bought a scroll of teleportation for 42 gold pieces
  8580 | Depths:2 | Voluntarily entered the Abyss.
  8590 | Abyss:1  | Found a corrupted altar of Lugonu.
  8623 | Abyss:2  | Reached skill level 15 in Dodging
  8765 | Abyss:2  | Found a runed translucent door.
  8809 | Abyss:2  | Found a runed translucent door.
  8820 | Abyss:2  | Paralysed by accursed screaming for 1 turns
  8828 | Abyss:2  | Paralysed by accursed screaming for 1 turns
  8851 | Abyss:3  | Found a corrupted altar of Lugonu.
  8954 | Abyss:3  | Got an abyssal rune of Zot
  9037 | Depths:2 | Escaped the Abyss
  9112 | Depths:4 | Entered Level 4 of the Depths
  9187 | Depths:3 | Reached skill level 15 in Fire Magic
  9204 | Depths:3 | Reached XP level 23. HP: 179/179 MP: 16/44
  9215 | Depths:3 | Found a one-way gateway to a ziggurat.
  9217 | Depths:3 | Noticed a golden dragon
  9225 | Depths:3 | Killed a golden dragon
  9228 | Depths:3 | Noticed a juggernaut
  9233 | Depths:3 | Killed a juggernaut
  9300 | Depths:3 | Identified the +6 quarterstaff of Jego Igu {freeze, rC-
                  | Str+3 SInv}
  9333 | Depths:3 | Learned a level 8 spell: Ignition
  9479 | Depths:4 | Reached skill level 19 in Long Blades
  9550 | Depths:2 | Found a one-way gate leading to the halls of Pandemonium.
  9554 | Pan      | Entered Pandemonium
  9559 | Pan      | Noticed Affiroti the pandemonium lord
  9596 | Pan      | Noticed a golden dragon
  9665 | Pan      | Reached XP level 24. HP: 189/189 MP: 45/45
  9726 | Pan      | Noticed Hotirph the pandemonium lord
  9734 | Pan      | Killed Hotirph the pandemonium lord
  9754 | Pan      | HP: 12/247 [demonspawn warmonger/+0 demon blade of pain[a
                  | shadow demon] (1)]
  9786 | Pan      | Entered the realm of Mnoleg.
  9826 | Pan      | Gained mutation: You are very frail. (-20% HP) [a
                  | cacodemon]
  9827 | Pan      | Gained mutation: You are clumsy. (Dex -2) [a cacodemon]
  9864 | Pan      | Reached skill level 20 in Long Blades
  9865 | Pan      | Found an exit through the horrors of the Abyss.
  9886 | Pan      | Lost mutation: You are clumsy. (Dex -2) [potion of
                  | mutation]
  9886 | Pan      | Lost mutation: You are very frail. (-20% HP) [potion of
                  | mutation]
  9886 | Pan      | Gained mutation: You have an increased reservoir of magic.
                  | (+10% MP) [potion of mutation]
  9886 | Pan      | Gained mutation: Your natural rate of healing is unusually
                  | fast. [potion of mutation]
  9928 | Pan      | Noticed Mnoleg
  9941 | Pan      | Gained mutation: You occasionally shout uncontrollably at
                  | your foes. [Mnoleg's mutagenic touch]
  9942 | Pan      | Killed Mnoleg
  9963 | Pan      | Got a glowing rune of Zot
  9992 | Pan      | Noticed Kekocyc the pandemonium lord
  9998 | Pan      | Gained mutation: You are very frail. (-20% HP) [a neqoxec]
 10031 | Pan      | Lost mutation: Your natural rate of healing is unusually
                  | fast. [potion of mutation]
 10031 | Pan      | Lost mutation: You occasionally shout uncontrollably at
                  | your foes. [potion of mutation]
 10031 | Pan      | Gained mutation: You are dopey. (Int -2) [potion of
                  | mutation]
 10032 | Pan      | Lost mutation: You are dopey. (Int -2) [potion of mutation]
 10032 | Pan      | Lost mutation: You are very frail. (-20% HP) [potion of
                  | mutation]
 10032 | Pan      | Gained mutation: You are partially covered in iridescent
                  | scales. (AC +2) [potion of mutation]
 10032 | Pan      | Gained mutation: You are agile. (Dex +4, Str/Int -1)
                  | [potion of mutation]
 10033 | Pan      | Lost mutation: You have an increased reservoir of magic.
                  | (+10% MP) [potion of mutation]
 10033 | Pan      | Lost mutation: You are agile. (Dex +4, Str/Int -1) [potion
                  | of mutation]
 10033 | Pan      | Lost mutation: You are frail. (-10% HP) [potion of
                  | mutation]
 10033 | Pan      | Gained mutation: You are somewhat resistant to further
                  | mutation. [potion of mutation]
 10063 | Pan      | Found a transporter.
 10123 | Pan      | Reached skill level 21 in Long Blades
 10123 | Pan      | Reached XP level 25. HP: 189/216 MP: 14/45
 10126 | Pan      | Found a transporter.
 10145 | Pan      | Identified the ring "Lurast" {rElec rPois rF+ rCorr Str-2}
 10160 | Pan      | Identified the ring "Garchas" {Wiz rF- Str+6 Int+2 Stlth+}
 10161 | Pan      | Identified the +0 leather armour of Fohian {Harm Int+2}
 10186 | Pan      | Reached skill level 1 in Evocations
 10195 | Pan      | Noticed Wifoq the pandemonium lord
 10202 | Pan      | Entered the realm of Cerebov.
 10334 | Pan      | Identified the +7 lajatang of the Lamprey {freeze, Fly
                  | rElec rC++ Str-3}
 10344 | Pan      | Found the +6 sword of Cerebov {flame}
 10344 | Pan      | Noticed Cerebov
 10362 | Pan      | HP: 2/289 [hellion/damnation[Cerebov] (36)]
 10362 | Pan      | Killed from afar by a Brimstone Fiend

Illustrated notes

Levels and vault maps discovered:
D:1:      minmay_arrival_four_loops, layout_loops_ring, serial_shops,
          shop_statue, nicolae_shop_getting_attention,
          nicolae_shop_advertising_works [nicolae_subvault_shop_adworks],
          nicolae_shop_tiny_real_fake_doors, nicolae_shop_trees
D:2:      layout_loops_cross
D:3:      layout_basic, nicolae_overflows_in_rows
D:4:      layout_rooms, temple_green, uniq_blork_the_orc
D:5:      layout_basic, uniq_grinder, uniq_sigmund, uniq_duvessa, uniq_pikel
D:6:      layout_basic
D:7:      layout_loops_cross, minivault_10
D:8:      layout_basic, ploomutoo_gammafunk_ghost_potion_laboratory,
          serial_shops, shop, chequers_serial_rivers_micro_a,
          guppyfry_early_elven_hall, uniq_joseph, uniq_erica
D:9:      layout_basic, serial_demonic, serial_demonic_c, serial_demonic_c,
          serial_demonic_d, serial_demonic_f, hex_large, st_stairs_4,
          evilmike_minifort
D:10:     layout_roguey, lair_entry_dummy, columned_hall_lemuel
D:11:     gammafunk_boulding_lane, layout_gridville, nicolae_uskayaw_en_pointe,
          uniq_grum
D:12:     gammafunk_cloud_chamber, layout_cave_pods, erik_orc_1
D:13:     layout_cross, erik_vaults_2
D:14:     layout_irregular_city, serial_shops, shop, trog_three_pillars_becter,
          portal_ice_cave_entry_pillars_1, minmay_the_grid_2x2
          [minmay_the_grid_aliased_spiral, minmay_the_grid_medium_cups,
          minmay_the_grid_holed_spiral, minmay_the_grid_prize_diamond_cup]
D:15:     hangedman_depths_entry_civil_slaughter, layout_loops_corners,
          nicolae_wwwww, enter_trove_6, ebering_ghost_funeral_grove,
          tso_metal_star
Temple:   chequers_temple_sunken
Lair:1:   layout_cellular_growth, beast_lair_carwin_9, grunt_megastairs_3,
          uniq_gastronok, uniq_nergalle
Lair:2:   layout_roguey, lemuel_fruit_tree
Lair:3:   layout_roguey, nicolae_shoals_entry_roost, dummy_snake_entry
Lair:4:   layout_cave_pods, slime_entry_1, ebering_ghost_inner_flame,
          grunt_megastairs_5
Lair:5:   evil_forest, layout_small_grid, serial_bayou_shore_a
Shoals:1: layout_shoals, nicolae_shoals_c_island, uniq_donald, uniq_frances,
          uniq_louise
Shoals:2: layout_shoals, nicolae_shoals_water_elemental_grotto, uniq_polyphemus
Shoals:3: layout_shoals, uniq_nikola
Shoals:4: shoals_end_hangedman, layout_shoals, nicolae_shoals_abyss_on_the_beach
Snake:1:  layout_onion_interference
Snake:2:  layout_layer_cave, gammafunk_ghost_grave, serial_shops, shop,
          nicolae_shop_stone, nicolae_book_shop_shelving, shop,
          grunt_megastairs_4
Snake:3:  layout_onion_interference, basic_altar, drop_trap, minmay_shop_grove
Snake:4:  snake_pit_salamanders_mu, layout_misc_corridors,
          nicolae_snake_single_loop
Slime:1:  layout_caves
Slime:2:  layout_caves
Slime:3:  layout_caves
Slime:4:  layout_caves
Slime:5
Vaults:1: grunt_vaults_swirl, nicolae_vaults_network_square,
          nicolae_vaults_tetromino_L_1, vaults_room_door_hall,
          nicolae_vaults_network_quinsquares
          [nicolae_vaults_network_quincunx_subvault,
          nicolae_vaults_network_quincunx_subvault,
          nicolae_vaults_network_quincunx_subvault,
          nicolae_vaults_network_quincunx_subvault], vaults_dpeg_cross,
          nicolae_vaults_double_plus_1, vaults_room_grunt_arrival_checkpoint,
          nicolae_vaults_what_the_h, layout_vaults_big_room
Vaults:2: vaults_standard_mumra_x, nicolae_vaults_specimen_jars,
          nicolae_vaults_double_plus_1, vaults_standard_mumra_lines,
          nicolae_vaults_oval_intersection, nicolae_vaults_storage_closets_3,
          minmay_crypt_entry_skeletal_spiral, nicolae_vaults_layer_cake_slice,
          hangedman_vaults_nodes, nicolae_vaults_angled_halls,
          vaults_dpeg_hooks, v_misc_29, v_pattern_1, v_misc_14,
          nicolae_vaults_little_squares_2, ontoclasm_vaults_ligature,
          layout_vaults_omnibox, serial_shops, nicolae_shop_trees, shop
Vaults:3: nicolae_vaults_mini_display_case, vaults_room_stairs_pillars,
          v_alt_pattern_4, vaults_room_fours, vaults_mumra_minichess,
          nicolae_vaults_more_shelving_2, ontoclasm_vaults_shuriken,
          layout_vaults_quadrants
Vaults:4: ontoclasm_vaults_tryst, nicolae_vaults_ring_of_whatevers,
          ontoclasm_vaults_fault, vaults_room_grid, v_rooms_2, v_misc_5,
          nicolae_vaults_border_crossing, nicolae_vaults_prndl,
          hangedman_vaults_restitches, dpeg_vaults_monster_box,
          nicolae_vaults_ring_of_whatevers, nicolae_vaults_tetromino_L_2,
          serial_ice_m, ontoclasm_vaults_decontamination,
          nicolae_vaults_wine_cellar, layout_vaults_ring, uniq_frederick,
          uniq_mennas, uniq_sojobo
Vaults:5: uniq_jory, uniq_margery
Depths:1: layout_honeycomb, chequers_big_river, serial_rivers,
          chequers_serial_rivers_room_b, chequers_serial_rivers_micro_a,
          chequers_serial_rivers_micro_a, chequers_serial_rivers_marsh,
          chequers_serial_rivers_micro_b, chequers_serial_rivers_large_a,
          grunt_metal_band, kennysheep_doodads, hangedman_abyss_or_decor_passed,
          hallowed_hall
Depths:2: minmay_mutant_horseshoe, layout_gridlike, pan_entry, abyss_entry,
          ploomutoo_gammafunk_ghost_potion_laboratory, hangedman_coc_ice_floe,
          serial_shops, shop, hangedman_decor_points, serial_rivers,
          chequers_serial_rivers_room_b, chequers_serial_rivers_small_3,
          chequers_serial_rivers_room_b, chequers_serial_rivers_small_a,
          chequers_serial_rivers_small_b, chequers_serial_rivers_small_3,
          uniq_asterion
Depths:3: box_level_dp, serial_shops, abyss_entry, hell_entry
Depths:4: evilmike_zot_entry_diamond, layout_long_grid, hangedman_geh_valley,
          minmay_curled_crystal, minmay_hollow_rounded_squares
Pan:      nicolae_pan_hourglass, layout_gridlike, evilmike_mini_pan_3x3,
          layout_basic, pan_blood_fountain, pan_blood_fountain_small,
          mnoleg_grunt, layout_pan_divisions_a [pan_division_quadrant_a6,
          pan_division_quadrant_a1, pan_division_quadrant_a4,
          pan_division_quadrant_a2, pan_division_octagon_box],
          pan_blood_fountain_small, pan_blood_fountain, nicolae_pan_diamonds,
          layout_cellular_growth, reaverb_pan_chaos_star,
          gammafunk_dig_for_victory, layout_onion_city,
          pan_blood_fountain_small, rand_demon_2, layout_cellular_growth,
          nicolae_pan_mnolegish_3, cerebov_st, layout_small_grid,
          pan_blood_fountain_small

Skill      XL: |  1  2  3  4  5  6  7  8  9 10 11 12 13 14 15 16 17 18 19 20 21 22 23 24 25 |
---------------+----------------------------------------------------------------------------+-----
Spellcasting   | 3 4 5 7 8 10 14 15 16 17 | 17.1
Ice Magic      | 5 6 7 8 |  8.0
Summonings     | 4 6 8 10 | 10.5
Invocations    | 3 7 9 10 12 13 | 13.0
Fighting       | 2 5 7 9 12 15 16 17 | 17.7
Dodging        | 4 6 8 10 12 13 14 15 16 17 | 17.2
Long Blades    | 4 5 7 9 11 13 15 18 19 21 | 21.1
Conjurations   | 2 6 |  6.0
Air Magic      | 2 6 |  6.0
Necromancy     | 6 12 13 | 13.5
Fire Magic     | 1 3 10 15 17 | 17.0
Transmutations | 8 10 | 10.0
Earth Magic    | 8 10 11 13 | 13.3
Translocations | 3 8 |  8.0
Evocations     | 3 |  3.6
Stealth        | |  1.4

Action                     |  1- 3 |  4- 6 |  7- 9 | 10-12 | 13-15 | 16-18 | 19-21 | 22-24 | 25-27 || total
---------------------------+-------+-------+-------+-------+-------+-------+-------+-------+-------++-------
  Melee: Unarmed           |    15 |     3 |       |       |       |       |       |       |       ||    18
         Halberd           |       |     2 |    44 |     5 |       |       |       |       |       ||    51
         Scimitar          |       |       |       |   107 |   206 |   138 |       |       |       ||   451
         Punch             |       |       |       |       |     2 |       |       |       |       ||     2
         Triple sword      |       |       |       |       |       |    84 |   201 |   382 |    44 ||   711
         Great sword       |       |       |       |       |       |       |       |    42 |    28 ||    70
  Throw: Throwing net      |       |       |     1 |       |       |       |       |       |       ||     1
   Cast: Freeze            |    26 |    10 |    17 |     2 |       |       |       |       |       ||    55
         Frozen Ramparts   |     1 |     5 |    22 |    26 |    25 |    10 |       |       |       ||    89
         Ozocubu's Armour  |     1 |     2 |    13 |    21 |    20 |       |       |       |       ||    57
         Summon Ice Beast  |       |       |     5 |    15 |    32 |     2 |       |       |       ||    54
         Freezing Cloud    |       |       |       |     5 |    27 |    40 |    16 |    14 |     4 ||   106
         Simulacrum        |       |       |       |     1 |    63 |    45 |       |       |       ||   109
         Statue Form       |       |       |       |       |     8 |    37 |    21 |    26 |     3 ||    95
         Summon Cactus Gia |       |       |       |       |       |    26 |    15 |    22 |       ||    63
         Apportation       |       |       |       |       |       |    38 |    72 |    31 |    17 ||   158
         Borgnjor's Vile C |       |       |       |       |       |    28 |    40 |    67 |     8 ||   143
         Death Channel     |       |       |       |       |       |     7 |    21 |    25 |     4 ||    57
         Passage of Golubr |       |       |       |       |       |    32 |   121 |   156 |    14 ||   323
         Animate Dead      |       |       |       |       |       |     6 |    15 |    15 |     1 ||    37
         Blink             |       |       |       |       |       |     2 |       |       |       ||     2
         Manifold Assault  |       |       |       |       |       |       |       |    17 |     4 ||    21
         Ignition          |       |       |       |       |       |       |       |     4 |     2 ||     6
 Invoke: Step From Time    |       |       |       |       |       |     2 |       |     3 |       ||     5
         Slouch            |       |       |       |       |       |     1 |     5 |     3 |       ||     9
         Temporal Distorti |       |       |       |       |       |       |       |     3 |     1 ||     4
Ability: Evoke Blink       |       |       |       |       |       |     1 |       |     2 |     2 ||     5
         End Transformatio |       |       |       |       |       |       |     2 |     3 |       ||     5
  Evoke: Wand              |       |       |       |    12 |     1 |     5 |     2 |     1 |     3 ||    24
    Use: Potion            |       |     1 |       |     1 |     1 |       |     1 |     5 |     2 ||    11
         Scroll            |       |       |       |    17 |     6 |     9 |     5 |     5 |       ||    42
   Stab: Distracted        |       |       |     1 |       |     8 |     6 |     9 |     7 |     6 ||    37
         Petrified         |       |       |       |       |       |     2 |       |       |       ||     2
         Sleeping          |       |       |       |       |       |       |       |     1 |       ||     1
 Armour: Robe              |    12 |     3 |     5 |       |       |       |       |       |       ||    20
         Leather armour    |       |       |    17 |    26 |       |       |       |       |       ||    43
         Troll leather arm |       |       |       |    23 |    91 |     4 |     8 |    32 |     5 ||   163
         Skin              |       |       |       |       |    44 |   311 |   233 |   352 |    34 ||   974
  Dodge: Dodged            |    20 |    28 |    28 |   160 |   400 |   599 |   484 |  1226 |   112 ||  3057
